 Dungeon Crawl Stone Soup version 0.21.1-1-g345015fe64 (webtiles) character file.

65 Roikka the Ogre Mage (level 4, -6/42 HPs)
             Began as an Ogre Wanderer on July 16, 2018.
             Mangled by Sigmund
             ... wielding a +1 vampiric scythe
              (7 damage)
             ... on level 2 of the Dungeon.
             The game lasted 00:05:32 (1731 turns).

Roikka the Ogre Mage (Ogre Wanderer)                Turns: 1731, Time: 00:05:32

Health: -6/42      AC:  5    Str: 17    XL:     4   Next: 14%
Magic:  8/10       EV: 10    Int: 13    God:
Gold:   80         SH:  0    Dex:  8    Spells: 10/11 levels left

rFire    . . .     SeeInvis .   d - +0 club
rCold    . . .     Gourm    .   (no shield)
rNeg     . . .     Faith    .   a - +2 robe
rPois    .         Spirit   .   (helmet restricted)
rElec    .         Reflect  .   (no cloak)
rCorr    .         Harm     .   (gloves unavailable)
MR       .....                  (boots unavailable)
Stlth    +.........             (no amulet)
HPRegen  0.14/turn              (no ring)
MPRegen  0.12/turn              (no ring)

@: no status effects
A: large, unfitting armour, tough skin 1
a: no special abilities


You were on level 2 of the Dungeon.
You were not hungry.

You visited 1 branch of the dungeon, and saw 2 of its levels.

You collected 80 gold pieces.

Inventory:

Hand Weapons
 d - a +0 club (weapon)
Armour
 a - a +2 robe (worn)
Scrolls
 e - a scroll of fear {unknown}
 g - a scroll of magic mapping {unknown}
 h - a scroll of remove curse {unknown}
 i - 3 scrolls of teleportation {unknown}
Potions
 c - a potion of curing
 j - a potion of degeneration {unknown}
 l - a potion of agility {unknown}
Books
 b - the Collected Works on Envenoming

   Spells                             Type                      Level
   a - Sting                          Conjuration/Poison           1
   b - Spider Form                    Transmutation/Poison         3
Comestibles
 f - 2 rations
 k - 3 chunks of flesh


   Skills:
 * Level 1.9 Fighting
   Level 1.0(1.3) Axes
 + Level 1.1(1.2) Maces & Flails
 - Level 1.0 Throwing
 + Level 2.2 Dodging
 - Level 1.0 Stealth
 - Level 4.0 Spellcasting
 + Level 2.2 Conjurations
 - Level 1.0 Poison Magic


You had 10 spell levels left.
You knew the following spells:

 Your Spells              Type           Power        Failure   Level  Hunger
a - Sting                 Conj/Pois      #...         11%         1    None


Dungeon Overview and Level Annotations

Branches:
Dungeon (2/15)

Altars:

Annotations:
D:2 Sigmund


Innate Abilities, Weirdness & Mutations

You are too large for most types of armour.
You have tough skin. (AC +1)


Message History

Sigmund is moderately wounded.
Sigmund hits you but does no damage.
You hit Sigmund but do no damage.
Sigmund is moderately wounded.
Sigmund gestures at you while chanting. The puff of flame hits you!
* * * LOW HITPOINT WARNING * * *
You hit Sigmund but do no damage.
Sigmund is moderately wounded.
Sigmund points at you and mumbles some strange words.
The magic dart hits you!
* * * LOW HITPOINT WARNING * * *
You barely miss Sigmund.
Sigmund is moderately wounded.
Sigmund points at you and mumbles some strange words.
The puff of flame misses you.
You hit Sigmund.
Sigmund is heavily wounded.
Sigmund hits you with a vampiric scythe!
You die...

#.# #...... #...... #.#
#...... #......
#####'###...... #......
#.............. #......
#..............
#......#####..............
#......+.......#......####
#......#######.########
........@@.........#
##############.###.#
#.....# #######


You could see Sigmund.

Vanquished Creatures
  4 adders (D:2)
  A dart slug (D:2)
  A ball python (D:1)
  A bat (D:1)
  A giant cockroach (D:1)
  6 goblins
  6 hobgoblins (D:1)
  2 quokkas (D:2)
  A frilled lizard (D:1)
  3 rats
26 creatures vanquished.

Notes
Turn   | Place    | Note
-------+----------+-------------------------------------------
     0 | D:1      | Roikka the Ogre Wanderer began the quest for the Orb.
     0 | D:1      | Roikka set off with: a +2 robe, the Collected Works on Envenoming, a potion of curing, a +0 club, a ration
     0 | D:1      | Reached XP level 1. HP: 16/16 MP: 5/5
     0 | D:1      | Identified the Collected Works on Envenoming
     2 | D:1      | Learned a level 1 spell: Sting
   263 | D:1      | Reached XP level 2. HP: 15/24 MP: 6/6
  1386 | D:2      | Reached skill level 4 in Spellcasting
  1386 | D:2      | Reached XP level 3. HP: 26/32 MP: 3/8
  1486 | D:2      | Reached skill level 1 in Fighting
  1587 | D:2      | Reached skill level 1 in Maces & Flails
  1635 | D:2      | Reached skill level 1 in Poison Magic
  1635 | D:2      | Reached XP level 4. HP: 35/42 MP: 7/10
  1710 | D:2      | Noticed Sigmund
  1729 | D:2      | HP: 1/42 [Sigmund/magic dart (3)]
  1731 | D:2      | Mangled by Sigmund

Skill      XL: |  1  2  3 |
---------------+----------+-----
Conjurations   | 2 |  2.2
Dodging        | 2 |  2.2
Spellcasting   | 4 |  4.0
Fighting       | 1 |  1.9
Maces & Flails | 1 |  1.1
Poison Magic   | 1 |  1.0
Axes           | |  1.0
Throwing       | |  1.0
Stealth        | |  1.0

Action                   |  1- 3 |  4- 6 || total
-------------------------+-------+-------++-------
Melee: Club              |    80 |    12 ||    92
 Cast: Sting             |    30 |     6 ||    36
 Stab: Sleeping          |     1 |       ||     1
  Eat: Chunk             |     2 |     1 ||     3
Armor: Robe              |    37 |     2 ||    39
Dodge: Dodged            |    44 |     6 ||    50
